 Dungeon Crawl Stone Soup version 0.26-a0-683-g5206c1d7ac (webtiles) character file.

Game seed: 9720614399685231824

1423 1994 the Cleaver (level 9, -2/64 HPs)
             Began as a Formicid Fighter on Oct 22, 2020.
             Was an Initiate of Cheibriados.
             Slain by an ogre
             ... wielding a +0 giant club
              (19 damage)
             ... on level 6 of the Dungeon.
             The game lasted 00:08:42 (6432 turns).

1994 the Cleaver (Formicid Fighter)                 Turns: 6432, Time: 00:08:42

Health: -2/64      AC:  7    Str: 24    XL:     9   Next: 2%
Magic:  9/9        EV: 10    Int: 10    God:    Cheibriados [......]
Gold:   406        SH: 11    Dex: 13    Spells: 8/8 levels left

rFire    . . .     SeeInvis +   a - +0 war axe
rCold    + . .     Faith    .   c - +0 kite shield
rNeg     . . .     Spirit   .   E - +1 ring mail of Woitow {rC+ Dex+2}
rPois    .         Reflect  .   (helmet unavailable)
rElec    .         Harm     .   (no cloak)
rCorr    .         Rampage  .   (no gloves)
MR       .....                  F - +0 pair of boots
Stlth    +.........             (no amulet)
HPRegen  0.20/turn              (no ring)
MPRegen  0.11/turn              (no ring)

@: very slow
A: permanent stasis, dig shafts and tunnels, four strong arms, antennae 3
a: Dig, Shaft Self, Bend Time, Renounce Religion


You were on level 6 of the Dungeon.
You worshipped Cheibriados.
Cheibriados was noncommittal.
You visited 2 branches of the dungeon, and saw 7 of its levels.

You collected 406 gold pieces.

Inventory:

Hand Weapons
 a - a +0 war axe (weapon)
 b - a +0 whip of electrocution
 w - a +1 short sword of draining
 C - a +2 whip of venom
Missiles
 e - 87 stones (quivered)
 o - 21 sling bullets
 p - 14 boomerangs
Armour
 c - a +0 kite shield (worn)
 E - the +1 ring mail of Woitow (worn) {rC+ Dex+2}
   (You found it on level 5 of the Dungeon)

   It affects your dexterity (+2).
   It protects you from cold.
 F - a +0 pair of boots (worn)
Magical Staves
 z - an uncursed staff of earth {unknown}
Jewellery
 m - an uncursed amulet of regeneration {unknown}
 u - an uncursed ring of wizardry {unknown}
 D - a +4 ring of evasion {unknown}
Scrolls
 f - a scroll of amnesia {unknown}
 g - 3 scrolls of magic mapping {unknown}
 i - 4 scrolls of identify {unknown}
 j - 4 scrolls of teleportation {unknown}
 r - 5 scrolls of fear {unknown}
 t - 6 scrolls of remove curse {unknown}
 y - a scroll of noise {unknown}
 A - 2 scrolls of enchant weapon {unknown}
Potions
 d - a potion of might
 h - 2 potions of stabbing {unknown}
 k - 2 potions of lignification {unknown}
 l - a potion of mutation {unknown}
 n - a potion of invisibility {unknown}
 q - 7 potions of curing
 s - a potion of heal wounds {unknown}
 v - a potion of magic {unknown}
 x - 3 potions of brilliance {unknown}
 B - 2 potions of flight {unknown}


   Skills:
 - Level 3.2 Fighting
 * Level 8.7 Axes
 - Level 3.2 Armour
 * Level 8.1 Shields
 + Level 1.2 Invocations


You had 8 spell levels left.
You didn't know any spells.
Your spell library contained the following spells:

 Spells                   Type           Power        Failure   Level
 Animate Skeleton         Necr           #.....       56%         1
 Apportation              Tloc           #.....       56%         1
 Corona                   Hex            #......      56%         1
 Summon Small Mammal      Summ           #...         56%         1


Dungeon Overview and Level Annotations

Branches:
Dungeon (6/15)             Temple (1/1) D:5

Altars:
Ashenzari
Cheibriados
Elyvilon
Fedhas
Gozag
Kikubaaqudgha
Nemelex Xobeh
Okawaru
Qazlal
Ru
Sif Muna
Trog
Uskayaw
Vehumet
Wu Jian
Yredelemnul
The Shining One
Beogh

Annotations:
D:4 exclusion: upstairs


Innate Abilities, Weirdness & Mutations

You cannot be hasted, slowed, berserked, paralysed or teleported.
You can dig through walls and to a lower floor.
Your four strong arms can wield two-handed weapons with a shield.
You have a pair of large antennae on your head. (SInv)


Message History

Things that are here:
a +0 dagger; a +0 robe; an orc corpse
Items here: ) [ †††.
Items here: )) ††.
Items here: )) [ ††.
Unknown command.
Okay, then.
Unknown command.
You start putting on your armour.
You continue putting on your pair of boots. x4
You finish putting on your +0 pair of boots.
Unknown command.
Unknown command.
You sense a monster nearby.
You start resting.
An ogre comes into view. It is wielding a +0 giant club.
The ogre shouts!
There is a stone staircase leading up here.
The ogre hits you with a +0 giant club!!
You die...

#### # ... . ..#
#.# .. .####. .#
#
....[.##.###.###
...........#...#
#.#.@#.....
#O##O#..##
##.##..#..####
#..###.......# {
#.#..........#
#.#....).)..##
#.#....)[...#
..#..[.)....#
###.......(.#


You could see an ogre.

Vanquished Creatures
  Pikel (D:3)
  Menkaure (D:4)
  A sky beast (D:5)
  A hornet zombie (D:5)
  An ogre (D:5)
  2 lemures (D:3)
  A scorpion (D:6)
  4 orc priests
  2 iguanas (D:5)
  3 orc wizards
  2 worker ants (D:5)
  2 killer bee zombies (D:5)
  3 gnolls (D:2)
  4 adders
  A white imp (D:5)
  3 oozes
  A worm (D:3)
  2 dart slugs
  2 leopard geckos (D:5)
  12 orcs
  3 giant cockroaches
  4 goblins
  7 hobgoblins
  11 jackals
  4 quokkas
  9 bats
  2 frilled lizards
  4 kobolds
  A quokka zombie (D:5)
  6 rats
100 creatures vanquished.

Vanquished Creatures (others)
  11 plants (D:5)
11 creatures vanquished.

Grand Total: 111 creatures vanquished

Notes
Turn   | Place    | Note
-------+----------+-------------------------------------------
     0 | D:1      | 1994 the Formicid Fighter began the quest for the Orb.
     0 | D:1      | Reached XP level 1. HP: 18/18 MP: 1/1
   387 | D:1      | Reached XP level 2. HP: 24/24 MP: 2/2
  1046 | D:2      | Reached XP level 3. HP: 29/29 MP: 3/3
  1070 | D:2      | Found an ornate altar of the Wu Jian Council.
  1338 | D:2      | Reached XP level 4. HP: 25/35 MP: 4/4
  2142 | D:3      | Reached XP level 5. HP: 36/41 MP: 5/5
  2465 | D:3      | Found a bloodstained altar of Trog.
  2466 | D:3      | Found an iron altar of Okawaru.
  2871 | D:4      | Noticed a lemure
  2871 | D:4      | Noticed Pikel
  2874 | D:4      | Noticed a lemure
  2877 | D:4      | Noticed a lemure
  2893 | D:3      | Killed a lemure
  3035 | D:4      | Noticed a lemure
  3070 | D:3      | Killed a lemure
  3478 | D:4      | Noticed Menkaure
  3490 | D:4      | Killed Menkaure
  3490 | D:4      | Reached skill level 5 in Axes
  3490 | D:4      | Reached skill level 5 in Shields
  3490 | D:4      | Reached XP level 6. HP: 7/47 MP: 6/6
  3759 | D:4      | Found a glowing golden altar of the Shining One.
  3981 | D:3      | Killed Pikel
  3981 | D:3      | Reached XP level 7. HP: 14/52 MP: 7/7
  3981 | D:3      | Reached XP level 8. HP: 15/58 MP: 8/8
  4309 | D:4      | Found a roughly hewn altar of Beogh.
  4556 | D:5      | Entered Level 5 of the Dungeon
  5510 | D:5      | Found a white marble altar of Elyvilon.
  5598 | D:5      | Got a distressingly furry ring mail
  5609 | D:5      | Identified the +1 ring mail of Woitow {rC+ Dex+2} (You
                  | found it on level 5 of the Dungeon)
  5717 | D:5      | Found a staircase to the Ecumenical Temple.
  6032 | Temple   | Entered the Ecumenical Temple
  6283 | Temple   | Became a worshipper of Cheibriados the Contemplative
  6390 | D:6      | Reached skill level 1 in Invocations
  6390 | D:6      | Reached XP level 9. HP: 28/64 MP: 9/9
  6432 | D:6      | Slain by an ogre

Illustrated notes

Levels and vault maps discovered:
D:1:      dpeg_arrival_fog, layout_basic
D:2:      layout_rooms, marbit_many_paths
D:3:      layout_loops_cross, nicolae_overflow_hidden_temple, grunt_ministairs_7
D:4:      layout_cave_pools, kennysheep_mini, kennysheep_orc_chapel,
          uniq_menkaure, uniq_pikel
D:5:      layout_rooms, nicolae_overflow_crystal_walls,
          minmay_temple_entry_enclosed_plants
D:6:      layout_rooms, overflow_temple_1_default, gup_sewer_entry_bubbles,
          uniq_maggie
Temple:   hc_temple_tempest_star

Skill      XL: |  1  2  3  4  5  6  7  8 |
---------------+-------------------------+-----
Shields        | 4 5 6 8 |  8.1
Axes           | 3 4 5 7 8 |  8.7
Invocations    | 1 |  1.2
Fighting       | |  3.2
Armour         | |  3.2

Action                   |  1- 3 |  4- 6 |  7- 9 || total
-------------------------+-------+-------+-------++-------
Melee: War axe           |    73 |   130 |   160 ||   363
  Use: Potion            |       |     1 |     1 ||     2
Armor: Scale mail        |    49 |    62 |    34 ||   145
       Ring mail         |       |       |    13 ||    13
Dodge: Dodged            |    48 |    51 |    57 ||   156
Block: Kite shield       |       |    45 |    87 ||   132

Table legend: (Time is in decaauts)
 A = Elapsed time spent in this place.
 B = Non-inter-level travel time spent in this place.
 C = Inter-level travel time spent in this place.
 D = Time resting spent in this place.
 E = Time spent auto-exploring this place.
 F = Levels seen in this place.
 G = Mean time per level.
                   A        B        C        D        E       F      G
               +--------+--------+--------+--------+--------+-----+--------+
         Total |   6585 |   6136 |    449 |   2126 |   2897 |   7 |  940.7 |
       Dungeon |   6288 |   5887 |    401 |   2126 |   2654 |   6 | 1048.0 |
        Temple |    296 |    249 |     47 |      0 |    242 |   1 |  296.0 |
               +--------+--------+--------+--------+--------+-----+--------+

Top non-repeatable levels by time:
     D:3: 1690 daAuts
     D:4: 1439 daAuts
     D:2: 1092 daAuts
     D:5: 1041 daAuts
     D:1: 924 daAuts
  Temple: 296 daAuts
     D:6: 99 daAuts
